Map: Moonlight Madness LE (Void)

Players

AcerBly (Bly) - Winner!

  • Race: Zerg Zerg
  • League: Master

KiFirE

  • Race: Protoss Protoss
  • League: Master

Event: ASL Season 5 Prime League LOTV Beta

VOD

Have the link to the VOD?

Description

Time

  • Played on: Sept. 4, 2015, 11 p.m.
  • Length: 10:38

All games in this series

Show
View Real Time Build Order
Export as new Build Order

AcerBly Zerg - Winner!

Build Orders: Hatch First 

Get SALT Encoding   

  12  0:01  Drone  
  13  0:12  Overlord  
  13  0:17  Drone  
  14  0:26  Extractor  
  14  0:27  Drone  
  15  0:31  Drone  
  16  0:35  Drone  
  17  0:55  Hatchery  
  16  0:58  Drone x2  
  16  1:03  Extractor  
  17  1:14  Spawning Pool  
  16  1:19  Drone  
  16  1:21  Drone  
  18  1:28  Drone  
  19  1:39  Overlord  
  19  2:00  Queen  
  21  2:02  Zergling x4  
  21  2:05  Metabolic Boost  
  21  2:07  Queen  
  25  2:14  Drone  
  25  2:15  Drone  
  27  2:22  Zergling x4  
  29  2:31  Overlord  
  29  2:44  Hatchery  
  28  2:52  Drone x2  
  28  2:53  Drone x2  
  32  3:00  Drone x2  
  32  3:04  Queen  
  36  3:16  Roach Warren, Zergling x2  
  36  3:19  Zergling x2  
  37  3:20  Zergling x2  
  37  3:25  Zergling x4  
  40  3:30  Overlord  
  40  3:41  Drone x4  
  44  3:49  Drone  
  44  3:50  Drone x4  
  49  3:58  Lair  
  49  4:01  Overlord  
  41  4:33  Drone x5, Extractor  
  41  4:34  Drone x8, Extractor  
  51  4:38  Extractor  
  51  4:40  Overlord  
  51  4:44  Drone x3  
  53  4:51  Evolution Chamber  
  53  4:52  Evolution Chamber x2  
  51  4:53  Roach x3  
  56  5:02  Roach x4  
  56  5:04  Roach  
  66  5:07  Roach  
  66  5:09  Roach  
  66  5:12  Glial Reconstitution  
  70  5:19  Zerg Missile Weapons Level 1  
  71  5:25  Roach  
  73  5:28  Overlord x3  
  73  5:39  Drone  
  73  5:41  Overlord x3  
  74  5:46  Burrow  
  74  5:53  Roach x4  
  82  6:07  Roach x3  
  82  6:08  Roach x4  
  96  6:17  Roach x3  
  96  6:18  Roach  
  104  6:34  Tunneling Claws  
  104  6:37  Drone x5  
  104  6:38  Drone x5  
  114  6:46  Overlord  
  114  6:48  Overlord  
  114  6:54  Overlord  
  114  7:14  Roach x6  
  114  7:15  Roach x5  
  134  7:19  Roach x6  
  126  7:31  Queen x3  
  122  7:41  Roach x9  
  134  7:47  Roach x11  
  130  7:55  Roach x4  
  130  7:56  Overlord  
  130  7:57  Overlord  
  137  7:59  Overlord, Zerg Missile Weapons Level 2  
  137  8:00  Overlord  
  137  8:03  Overlord  
  137  8:11  Overlord  
  137  8:20  Extractor  
  137  8:22  Extractor  
  117  8:28  Roach x8  
  133  8:40  Roach x4  
  133  8:41  Hatchery, Roach  
  139  8:46  Overlord  
  132  8:49  Roach x3  
  128  9:05  Spire  
  128  9:06  Roach x10  
  145  9:15  Roach x5  
  145  9:16  Roach  
  151  9:34  Roach  
  151  9:35  Roach x6  
  163  9:40  Roach  
  150  10:01  Roach x8  
  150  10:02  Roach x3  
  150  10:03  Roach x4  
  150  10:04  Roach x13  
  165  10:18  Overlord  
Show
View Real Time Build Order
Export as new Build Order

KiFirE Protoss 

Build Orders: 1 Gate Expand 

Get SALT Encoding   

  12  0:00  Probe (Chrono Boost)  
  13  0:12  Probe (Chrono Boost)  
  14  0:17  Pylon  
  14  0:22  Probe (Chrono Boost)  
  15  0:35  Probe (Chrono Boost)  
  16  0:36  Gateway  
  16  0:45  Probe (Chrono Boost)  
  16  0:47  Assimilator  
  17  0:55  Probe (Chrono Boost)  
  18  1:05  Probe (Chrono Boost)  
  19  1:19  Nexus  
  19  1:30  Cybernetics Core  
  19  1:37  Pylon  
  19  1:39  Probe (Chrono Boost)  
  20  1:46  Assimilator  
  20  1:51  Probe (Chrono Boost)  
  21  2:01  Probe (Chrono Boost)  
  21  2:08  Adept  
  24  2:12  Mothership Core (Chrono Boost), Warp Gate (Chrono Boost)  
  26  2:26  Gateway  
  26  2:30  Probe  
  26  2:32  Probe  
  28  2:38  Adept  
  28  2:40  Probe  
  31  2:51  Gateway  
  31  2:56  Probe  
  31  2:58  Probe  
  33  3:06  Probe (Chrono Boost)  
  33  3:10  Probe (Chrono Boost)  
  35  3:17  Probe (Chrono Boost)  
  36  3:21  Probe (Chrono Boost)  
  36  3:24  Pylon  
  37  3:28  Assimilator  
  37  3:30  Robotics Facility  
  37  3:32  Assimilator  
  37  3:35  Probe x2 (Chrono Boost)  
  37  3:38  Pylon  
  39  3:45  Probe x2 (Chrono Boost)  
  41  3:55  Probe (Chrono Boost)  
  41  3:56  Forge  
  41  3:58  Probe (Chrono Boost)  
  43  4:03  Pylon  
  43  4:09  Adept  
  45  4:10  Adept  
  45  4:15  Adept  
  42  4:18  Probe x2 (Chrono Boost)  
  44  4:28  Probe (Chrono Boost)  
  44  4:29  Probe (Chrono Boost)  
  44  4:33  Adept  
  44  4:38  Probe (Chrono Boost)  
  46  4:40  Photon Cannon  
  46  4:42  Observer  
  48  4:48  Probe x2 (Chrono Boost)  
  50  4:52  Photon Cannon  
  50  4:54  Sentry x2  
  50  4:57  Sentry  
  50  4:59  Probe (Chrono Boost)  
  57  5:14  Probe x2 (Chrono Boost)  
  59  5:16  Warp Prism  
  59  5:21  Robotics Bay  
  61  5:25  Stalker  
  61  5:28  Probe x2 (Chrono Boost)  
  65  5:35  Pylon  
  65  5:45  Probe x2 (Chrono Boost)  
  67  5:58  Protoss Ground Weapons Level 1  
  67  6:02  Nexus  
  67  6:04  Observer, Pylon  
  68  6:13  Stalker x2  
  72  6:24  Disruptor  
  75  6:32  Stalker  
  76  6:37  Probe x2 (Chrono Boost)  
  78  6:43  Photon Cannon  
  78  6:45  Pylon  
  78  6:46  Pylon, Gravitic Drive  
  68  7:31  Disruptor  
  68  7:35  Stalker  
  68  7:36  Stalker x2  
  73  7:37  Probe (Chrono Boost)  
  73  7:38  Probe (Chrono Boost)  
  72  8:04  Probe x2 (Chrono Boost)  
  74  8:07  Stalker  
  74  8:08  Stalker x2  
  74  8:11  Protoss Ground Armor Level 1  
  74  8:12  Twilight Council  
  80  8:15  Nexus, Pylon  
  80  8:17  Pylon  
  74  8:27  Probe (Chrono Boost)  
  69  8:28  Pylon  
  69  8:29  Immortal  
  69  8:30  Extended Thermal Lance  
  69  8:33  Stalker x2  
  69  8:34  Stalker  
  79  8:39  Probe (Chrono Boost)  
  79  8:40  Probe (Chrono Boost)  
  68  8:50  Probe (Chrono Boost)  
  68  8:51  Gateway  
  68  8:53  Gateway  
  63  8:59  Stalker  
  63  9:00  Stalker x2  
  65  9:26  Stalker x3  
  59  9:53  Stalker  
  59  9:54  Stalker x4  
  67  10:12  Robotics Facility  
  61  10:25  Stalker x2  
Tags
 
Add a new tag
Caveats
  • Supply blocks, unpowered buildings, or Contaminate may cause inaccurate times.
  • Supply counts are checked every 10 seconds.